 Dungeon Crawl Stone Soup version 0.28.0-45-g0d030f2227 (webtiles) character file.

Game seed: 9967496973735838188

57 pkoi the Conjurer (level 3, -2/26 HPs)
             Began as a Demigod Conjurer on Apr 8, 2022.
             Slain by Grinder (3 damage)
             ... while paralysed by Grinder
             ... on level 3 of the Dungeon.
             The game lasted 00:01:56 (2853 turns).

pkoi the Conjurer (Demigod Conjurer)                Turns: 2853, Time: 00:01:57

Health: -2/26      AC:  2    Str:  6    XL:     3   Next: 50%
Magic:  0/9        EV:  2    Int: 28    God:
Gold:   69         SH:  0    Dex: 12    Spells: 3/6 levels left

rFire   . . .      SeeInvis .   l - +4 long sword (vamp)
rCold   . . .      Faith    .   (no shield)
rNeg    . . .      Spirit   .   a - +0 robe
rPois   .          Reflect  .   (no helmet)
rElec   .          Harm     .   (no cloak)
rCorr   .          Rampage  .   (no gloves)
Will    .....      Rnd*Tele +   (no boots)
Stlth   ++........              (no amulet)
HPRegen 0.08/turn               h - +6 ring of intelligence
MPRegen 0.11/turn               b - +4 ring of evasion

@: paralysed
A: high MP 1, forlorn, divine attributes, dopey 1, teleportitis 1, weak 1
a: no special abilities


You were on level 3 of the Dungeon.
You visited 1 branch of the dungeon, and saw 3 of its levels.

You collected 69 gold pieces.

Inventory:

Hand Weapons
 f - a +0 dagger
 l - a +4 vampiric long sword (weapon)
Armour
 a - a +0 robe (worn)
Jewellery
 b - a +4 ring of evasion (right hand)
 h - a +6 ring of intelligence (left hand)
Scrolls
 c - 6 scrolls of identify {unknown}
 g - a scroll of fear {unknown}
 k - a scroll of enchant armour {unknown}
 m - a scroll of fog {unknown}
Potions
 e - a potion of heal wounds {unknown}
 i - a potion of might {unknown}
 j - a potion of curing {unknown}


   Skills:
 - Level 1.7 Dodging
 - Level 1.7 Stealth
 + Level 2.2 Spellcasting
 + Level 4.7 Conjurations


You had 3 spell levels left.
You knew the following spells:

 Your Spells              Type           Power      Damage    Failure   Level
a - Magic Dart            Conj           100%       1d8       1%          1
b - Searing Ray           Conj           58%        2d6       1%          2

Your spell library contained the following spells:

 Spells                   Type           Power      Damage    Failure   Level
 Dazzling Flash           Conj/Hex       32%        N/A       10%         3
 Fulminant Prism          Conj/Hex       8%         3d7       32%         4
 Iskenderun's Mystic Bla  Conj/Tloc      16%        2d5       32%         4


Dungeon Overview and Level Annotations

Branches:
Dungeon (3/15)

Annotations:
D:3 Grinder


Innate Abilities, Weirdness & Mutations

You have an increased reservoir of magic. (+10% MP)
You shall have no god before yourself.
Your divine heritage dramatically boosts your attributes as you level up.
You are dopey. (Int -2)
You are occasionally teleported next to monsters.
You are weak. (Str -2)


Message History

* * * LOW HITPOINT WARNING * * *
You can move again.
Unknown command.
Unknown command.
Unknown command.
Casting: Searing Ray (safe; 1% risk of failure)
Confirm with . or Enter, or press ? or * to list all spells.
Aiming: Searing Ray (safe; 1% risk of failure)
Press: ? - help, Shift-Dir - straight line, f/p - Grinder
Aim: Grinder (severely wounded, 77% to hit)
The searing ray hits Grinder!
Grinder is almost dead. (Press . to maintain the ray.) Grinder gestures at you.
Pain shoots through your body!
* * * LOW HITPOINT WARNING * * *
The searing ray misses Grinder.
Grinder hits you!
* * * LOW HITPOINT WARNING * * *
You writhe in agony.
* * * LOW HITPOINT WARNING * * *
The searing ray hits Grinder.
Grinder is almost dead.
Grinder completely misses you.
Unknown command.
You hit Grinder.
Grinder is almost dead.
Grinder misses you. Grinder closely misses you.
You closely miss Grinder.
Grinder is almost dead.
Grinder says, "DUCK!"
Grinder hits you.
* * * LOW HITPOINT WARNING * * *
It was a potion of mutation.
You feel extremely strange.
You feel weirdly uncertain.
You feel stupid.
You feel weaker. Grinder gestures at you.
You suddenly lose the ability to move!
Grinder gestures at you.
You barely resist. Grinder hits you.
You die...

##########
......#..
##.#...#.#
.....$5#.####
.......@..#.##
........รท....##
..............#.###
###
.###...#...........
..#
#...####.#######
#.# #... #.# #.# #
#### #.# #.# .#
##'## ##.# #.
##...## #...


You could see Grinder.

Vanquished Creatures
  An adder (D:2)
  4 orcs (D:3)
  3 endoplasms
  3 giant cockroaches
  5 goblins
  4 hobgoblins
  A jackal (D:2)
  4 quokkas
  4 ball pythons
  3 bats
  2 frilled lizards
  2 kobolds
  2 rats (D:1)
38 creatures vanquished.

Notes
Turn   | Place    | Note
-------+----------+-------------------------------------------
     0 | D:1      | pkoi the Demigod Conjurer began the quest for the Orb.
     0 | D:1      | Reached XP level 1. HP: 14/14 MP: 5/5
   451 | D:1      | Reached skill level 4 in Conjurations
   778 | D:1      | Reached XP level 2. HP: 20/20 MP: 2/7
  2022 | D:2      | Reached XP level 3. HP: 26/26 MP: 1/8
  2342 | D:2      | Learned a level 2 spell: Searing Ray
  2653 | D:3      | Noticed Grinder
  2833 | D:3      | Paralysed by Grinder for 6 turns
  2843 | D:3      | Paralysed by Grinder for 3 turns
  2850 | D:3      | HP: 1/26 [Grinder (1)]
  2851 | D:3      | Gained mutation: You are occasionally teleported next to
                  | monsters. [potion of mutation]
  2851 | D:3      | Gained mutation: You are dopey. (Int -2) [potion of
                  | mutation]
  2851 | D:3      | Gained mutation: You are weak. (Str -2) [potion of
                  | mutation]
  2851 | D:3      | Paralysed by Grinder for 3 turns
  2853 | D:3      | Slain by Grinder

Illustrated notes

Levels and vault maps discovered:
D:1:      dpeg_arrival_shrine, layout_basic
D:2:      minmay_skewed_foursquare, layout_loops_cross, basic_altar,
          minivault_27
D:3:      layout_loops_corners, chequers_ecumenical_altar_simple_redux,
          uniq_ijyb, uniq_grinder

Skill      XL: |  1  2 |
---------------+-------+-----
Conjurations   | 4 |  4.7
Spellcasting   | 2 |  2.2
Dodging        | |  1.7
Stealth        | |  1.7

Action                   || total
-------------------------++-------
Melee: Dagger            ||     2
       Long sword        ||     7
 Cast: Magic Dart        ||    84
       Searing Ray       ||     2
  Use: Potion            ||     1
Armor: Robe              ||     1
Dodge: Dodged            ||    13
